 Seeded DCSS version 0.28-a0-1412-gf95308ed99 (webtiles) character file.

Game seed: 20220106 (custom seed)

38 flotson the Chopper (level 3, -1/28 HPs)
             Began as a Demonspawn Gladiator on Jan 6, 2022.
             Slain by Natasha (3 damage)
             ... on level 2 of the Dungeon.
             The game lasted 00:01:12 (1095 turns).

flotson the Chopper (Demonspawn Gladiator)          Turns: 1095, Time: 00:01:13

Health: -1/28      AC:  6    Str: 16    XL:     3   Next: 25%
Magic:  3/3        EV: 11    Int:  9    God:
Gold:   66         SH:  0    Dex: 14    Spells: 2/2 levels left

rFire   . . .      SeeInvis .   i - +1 dagger (drain)
rCold   . . .      Faith    .   (no shield)
rNeg    . . .      Spirit   .   g - +0 ring mail
rPois   .          Reflect  .   c - +0 helmet
rElec   .          Harm     .   (no cloak)
rCorr   .          Rampage  .   (no gloves)
Will    .....                   (no boots)
Stlth   +.........              (no amulet)
HPRegen 0.09/turn               (no ring)
MPRegen 0.08/turn               (no ring)

@: slowed, very slow
A: hooves 1, powered by death 1
a: no special abilities


You were on level 2 of the Dungeon.
You visited 1 branch of the dungeon, and saw 2 of its levels.

You collected 66 gold pieces.

Inventory:

Hand Weapons
 a - a +0 war axe
 i - a +1 dagger of draining (weapon)
Missiles
 d - 3 throwing nets (quivered)
Armour
 c - a +0 helmet (worn)
 g - a +0 ring mail (worn)
Scrolls
 f - a scroll of summoning {unknown}
 j - a scroll of noise {unknown}
Potions
 b - 2 potions of attraction {unknown}
 e - a potion of haste {unknown}
 h - 2 potions of curing {unknown}


   Skills:
 + Level 2.4 Fighting
 + Level 3.0 Axes
 + Level 2.1 Throwing
 + Level 1.0 Armour
 + Level 3.0 Dodging


You had 2 spell levels left.
You didn't know any spells.
Your spell library was empty.

Dungeon Overview and Level Annotations

Branches:
Dungeon (2/15)

Altars:

Annotations:
D:2 Natasha


Innate Abilities, Weirdness & Mutations

You have large cloven feet.
You regenerate a little health from kills.


Message History

The crimson imp misses you.
You see here a giant cockroach corpse.
You closely miss the crimson imp. Natasha misses you. The crimson imp hits you.
You barely miss the crimson imp. The dart slug launches a dart at you.
The slug dart hits you but does no damage.
Natasha stares at you and mumbles some strange words.
The magic dart hits you!
The crimson imp hits you but does no damage.
You are too injured to fight recklessly!
You closely miss Natasha. You kick Natasha.
Natasha is lightly wounded.
The dart slug launches a dart at you. The slug dart misses you.
Natasha barely misses you.
The crimson imp hits you but does no damage.
You miss Natasha. Your kick misses Natasha.
Natasha is lightly wounded.
Natasha casts a spell at you. The magic dart hits you.
* * * LOW HITPOINT WARNING * * *
The crimson imp hits you but does no damage.
You hit Natasha. Your kick misses Natasha.
Natasha is moderately wounded.
Natasha claws you but does no damage. The crimson imp closely misses you.
You hit Natasha but do no damage. You drain Natasha. Your kick misses Natasha.
Your punch misses Natasha.
Natasha is heavily wounded.
Natasha misses you. The crimson imp hits you.
* * * LOW HITPOINT WARNING * * *
You closely miss Natasha.
Natasha is heavily wounded.
Natasha casts a spell at you.
You feel yourself slow down. The crimson imp closely misses you.
You hit Natasha. You kick Natasha, but do no damage.
Natasha is severely wounded.
The dart slug launches a dart at you. The slug dart hits you.
* * * LOW HITPOINT WARNING * * *
Natasha claws you.
You die...

...# #.# ......
....####.# ......
.........# ......
.........######## ......
.........##.....########
..^.......'.....'.......
.........##.....#######.
.........##.....# #.
.......@.##.....#### #.
...w..5h.##..).....# #.
.........##........# #.
.........##........# #.
.........######....# #.
.......... #....# #.
#######..# #....# #.
..># ###### #. #.


You could see Natasha (drained), a crimson imp (summoned) and a dart slug.

Vanquished Creatures
  A dart slug (D:1)
  3 ball pythons (D:1)
  2 bats
  5 endoplasms (D:1)
  2 giant cockroaches
  4 goblins (D:1)
  4 jackals (D:1)
  4 kobolds (D:1)
  2 quokkas (D:1)
  2 rats (D:1)
29 creatures vanquished.

Notes
Turn   | Place    | Note
-------+----------+-------------------------------------------
     0 | D:1      | flotson the Demonspawn Gladiator began the quest for the
                  | Orb.
     0 | D:1      | Reached XP level 1. HP: 16/16 MP: 1/1
    91 | D:1      | Found a faded altar of an unknown god.
   116 | D:1      | Gained mutation: You have large cloven feet. [demonic
                  | ancestry]
   116 | D:1      | Reached XP level 2. HP: 15/22 MP: 2/2
   474 | D:1      | Gained mutation: You regenerate a little health from kills.
                  | [demonic ancestry]
   474 | D:1      | Reached XP level 3. HP: 16/28 MP: 3/3
   982 | D:2      | Reached skill level 1 in Armour
  1082 | D:2      | Noticed Natasha
  1095 | D:2      | Slain by Natasha

Illustrated notes

Levels and vault maps discovered:
D:1:      saegor_arrival_miasma, layout_rooms, shapermc_ecumenical_altar_ellora,
          minmay_pentomino_p2
D:2:      layout_basic, basic_altar, uniq_robin, uniq_sigmund, uniq_natasha

Skill      XL: |  1  2  3 |
---------------+----------+-----
Throwing       | 2 |  2.1
Axes           | 3 |  3.0
Dodging        | 3 |  3.0
Armour         | 1 |  1.0
Fighting       | |  2.4

Action                   || total
-------------------------++-------
Melee: War axe           ||    39
       Dagger            ||    43
       Kick              ||    11
Armor: Leather armour    ||    13
       Ring mail         ||    16
Dodge: Dodged            ||    69

Table legend: (Time is in decaauts)
 A = Elapsed time spent in this place.
 B = Non-inter-level travel time spent in this place.
 C = Inter-level travel time spent in this place.
 D = Time resting spent in this place.
 E = Time spent auto-exploring this place.
 F = Levels seen in this place.
 G = Mean time per level.
                   A        B        C        D        E       F      G
               +--------+--------+--------+--------+--------+-----+--------+
         Total |   1108 |   1086 |     22 |      0 |    897 |   2 |  554.0 |
       Dungeon |   1108 |   1086 |     22 |      0 |    897 |   2 |  554.0 |
               +--------+--------+--------+--------+--------+-----+--------+

Top non-repeatable levels by time:
     D:1: 954 daAuts
     D:2: 153 daAuts
